[Event "Titled Tuesday Blitz May 10 Late 2022"]
[White "Khumalo, Keith"]
[Black "Svane, Rasmus"]
[WhiteFideId "14319470"]
[BlackFideId "4657101"]
[WhiteElo "2057"]
[BlackElo "2674"]
[Result "0-1"]
[Round "04"]
[TimeControl "180+1"]
[Date "2022.05.10"]
[WhiteClock "0:01:40"]
[BlackClock "0:00:41"]

1. d4 d5 2. c4 e6 3. Nf3 a6 4. g3 dxc4 5. Bg2 b5 6. Ne5 c6 7. b3 Bb4+ 8. Bd2 Bxd2+ 9. Qxd2 cxb3 10. Nxc6 Qb6 11. Na5 b2 12. Qxb2 Qxa5+ 13. Nd2 Ra7 14. O-O Ne7 15. Nb3 Qb6 16. e4 O-O 17. Rac1 Bb7 18. Rfd1 Rd8 19. d5 exd5 20. exd5 Bxd5 21. Bxd5 Nxd5 22. Qe5 Nc6 23. Qe4 Nce7 24. Rd2 h6 25. Rcd1 Rad7 26. Qf3 Qf6 27. Qg4 Rd6 28. Nc5 Nc3 29. Nd3 Nxd1 0-1


[Site "https://www.chess.com"]

[Event "Titled Tuesday Blitz May 10 Late 2022"]
[White "Koziorowicz, Michal"]
[Black "Nagy, Gabor"]
[WhiteFideId "21809194"]
[BlackFideId "737119"]
[WhiteElo "2219"]
[BlackElo "2569"]
[Result "1-0"]
[Round "04"]
[TimeControl "180+1"]
[Date "2022.05.10"]
[WhiteClock "0:00:34"]
[BlackClock "0:00:40"]

1. e4 g6 2. d4 Bg7 3. Nc3 d6 4. Be3 Nf6 5. h4 c6 6. Be2 h5 7. Nh3 Bxh3 8. Rxh3 Nbd7 9. Qd2 b5 10. f3 Nb6 11. Nd1 O-O 12. Nf2 Rb8 13. g4 hxg4 14. Nxg4 Nxg4 15. fxg4 Nc4 16. Bxc4 bxc4 17. c3 Qd7 18. Qg2 c5 19. h5 cxd4 20. cxd4 g5 21. Rd1 Qb5 22. Bc1 Qa5+ 23. Kf1 Qxa2 24. h6 Bf6 25. Ra3 Qb1 26. Qe2 Rb3 27. Rxb3 cxb3 28. e5 dxe5 29. dxe5 Bh8 30. Bxg5 Qg6 31. Bxe7 Re8 32. Rd6 Qb1+ 33. Rd1 Qh7 34. Bg5 Qg6 35. Bf4 a5 36. Rd6 Qxd6 37. exd6 Rxe2 38. Kxe2 Bxb2 39. Bg5 Be5 40. d7 Bc7 41. Bf6 a4 42. Kd3 Kh7 43. g5 a3 44. d8=Q Bxd8 45. Bxd8 f5 46. Be7 a2 47. Bf6 Kg6 48. Ke3 Kh7 49. Kf4 Kg6 50. Bb2 Kh5 51. Kxf5 a1=Q 52. Bxa1 b2 53. Bxb2 1-0


[Site "https://www.chess.com"]

[Event "Titled Tuesday Blitz May 10 Late 2022"]
[White "Ladan, Nicholas"]
[Black "Atanejhad, Sahebali"]
[WhiteFideId "30918855"]
[BlackFideId "12506664"]
[WhiteElo "2167"]
[BlackElo "1953"]
[Result "1-0"]
[Round "04"]
[TimeControl "180+1"]
[Date "2022.05.11"]
[WhiteClock "0:01:06"]
[BlackClock "0:00:39"]

1. d4 Nf6 2. Nf3 c5 3. e3 d5 4. Be2 Nc6 5. b3 Bg4 6. Bb2 g6 7. O-O Bg7 8. dxc5 O-O 9. Ne5 Bxe2 10. Qxe2 Nxe5 11. Bxe5 Qa5 12. Bd4 Ne4 13. a3 e5 14. b4 Qc7 15. Bb2 b6 16. Nd2 bxc5 17. Nxe4 dxe4 18. Qc4 Rac8 19. b5 Qb7 20. Rfd1 Kh8 21. Rd5 Qe7 22. Rad1 f5 23. Rd7 Qg5 24. Rxg7 Kxg7 25. Bxe5+ Kh6 26. Bf4 1-0


[Site "https://www.chess.com"]

[Event "Titled Tuesday Blitz May 10 Late 2022"]
[White "Lashkin, Jegor"]
[Black "Kruckenhauser, Arthur"]
[WhiteFideId "13907808"]
[BlackFideId "1642812"]
[WhiteElo "2368"]
[BlackElo "2243"]
[Result "1-0"]
[Round "04"]
[TimeControl "180+1"]
[Date "2022.05.10"]
[WhiteClock "0:01:24"]
[BlackClock "0:00:01"]

1. Nf3 d5 2. b3 Nf6 3. Bb2 e6 4. g3 Be7 5. Bg2 O-O 6. O-O c5 7. e3 Nc6 8. Ne5 Qc7 9. Nxc6 Qxc6 10. c4 Qc7 11. Nc3 Rd8 12. cxd5 exd5 13. d4 Bg4 14. Qd2 cxd4 15. Qxd4 Bc5 16. Qd3 Qd7 17. Rac1 Rac8 18. Ne2 Bf5 19. Qd1 Ne4 20. Bd4 Bxd4 21. Qxd4 a6 22. Nf4 Rxc1 23. Rxc1 Rc8 24. Rd1 Nc3 25. Ra1 g5 26. Nh5 Ne2+ 27. Kh1 Nxd4 28. Nf6+ Kg7 29. Nxd7 Bxd7 30. exd4 Be6 31. Kg1 Rc2 32. Bf3 g4 33. Bd1 Rd2 34. Kf1 Rxd4 35. Ke1 Re4+ 36. Kd2 Kf6 37. Rc1 Bf5 38. Rc5 Rd4+ 39. Ke1 h5 40. Be2 Bd7 41. f3 Ke5 42. Rc7 Kd6 43. Rxb7 a5 44. Rb6+ Kc5 45. Rf6 Be6 46. Rh6 a4 47. Rxh5 a3 48. Rh8 Kb4 49. Ra8 Kc3 50. Rxa3 gxf3 51. Bxf3 Kb2 52. Ra4 Rd3 53. Be2 Re3 54. Kd2 Re5 55. h4 Bf5 56. b4 Bd7 57. Ra7 1-0


[Site "https://www.chess.com"]

[Event "Titled Tuesday Blitz May 10 Late 2022"]
[White "Lazov, Toni"]
[Black "Bettalli, Francesco"]
[WhiteFideId "15000770"]
[BlackFideId "2816453"]
[WhiteElo "2680"]
[BlackElo "2493"]
[Result "0-1"]
[Round "04"]
[TimeControl "180+1"]
[Date "2022.05.11"]
[WhiteClock "0:00:20"]
[BlackClock "0:01:33"]

1. e4 e5 2. Nf3 Nf6 3. d3 Bc5 4. Be2 O-O 5. c3 Nc6 6. Nbd2 h6 7. h3 d6 8. Qc2 Ne7 9. b4 Bb6 10. a3 Ng6 11. g3 Be6 12. c4 c6 13. Bb2 Bc7 14. Nb3 b6 15. d4 Rc8 16. d5 cxd5 17. cxd5 Bd7 18. Ba6 Rb8 19. Rc1 Ne8 20. h4 f5 21. h5 Ne7 22. Bd3 f4 23. Nh4 fxg3 24. fxg3 b5 25. Rf1 Rxf1+ 26. Bxf1 Bb6 27. Qd1 Nf6 28. Nd2 Qf8 29. Rc3 Bg4 30. Qb3 Bf2+ 31. Kxf2 Nxe4+ 32. Ke3 Nxd2 33. Kxd2 Qf2+ 34. Kc1 Qe1+ 0-1


[Site "https://www.chess.com"]

[Event "Titled Tuesday Blitz May 10 Late 2022"]
[White "Le Goff, Ronan"]
[Black "Bongo Akanga Ndjila, Barthelemy"]
[WhiteFideId "612073"]
[BlackFideId "10609431"]
[WhiteElo "2276"]
[BlackElo "1768"]
[Result "0-1"]
[Round "04"]
[TimeControl "180+1"]
[Date "2022.05.11"]
[WhiteClock "0:00:57"]
[BlackClock "0:00:52"]

1. d4 d5 2. Nc3 e6 3. e4 dxe4 4. f3 exf3 5. Nxf3 Nf6 6. Bd3 c5 7. O-O cxd4 8. Ne4 Be7 9. Kh1 O-O 10. Qe1 Nc6 11. Bg5 e5 12. Qh4 Nxe4 13. Bxe4 f5 14. Bxc6 Bxg5 15. Nxg5 h6 16. Bxb7 Bxb7 17. Nf3 Bxf3 18. Qxd8 Bxg2+ 19. Kxg2 Raxd8 20. Rae1 e4 21. Rd1 d3 22. cxd3 exd3 23. Rd2 Rd4 24. Rfd1 Re8 25. Kf3 Red8 26. Ke3 f4+ 27. Kf3 g5 28. Rc1 R8d7 29. Rc6 Kg7 30. a3 Re7 31. b4 Re3+ 32. Kf2 Rde4 33. Rc7+ Kg6 34. Rc6+ Kh5 35. Rd6 Re2+ 36. Rxe2 dxe2 37. Ke1 f3 38. Rf6 g4 39. b5 Kg5 40. Rf8 Rc4 41. Kd2 Re4 42. Ke1 Rf4 43. Rg8+ Kh4 44. Kf2 Rc4 45. Rg6 h5 46. Re6 Rc1 47. a4 Rf1+ 48. Ke3 e1=Q+ 49. Kf4 Qxe6 50. a5 Qc4+ 51. Kf5 Qxb5+ 52. Kg6 Qxa5 53. h3 g3 54. Kh6 Kxh3 55. Kg6 g2 56. Kh6 g1=Q 57. Kh7 Qc7+ 58. Kh6 Qgg7+ 59. Kxh5 Qce5# 0-1


[Site "https://www.chess.com"]

[Event "Titled Tuesday Blitz May 10 Late 2022"]
[White "Leitao, Rafael"]
[Black "Plotnikov, Pavel"]
[WhiteFideId "2101246"]
[BlackFideId "4170342"]
[WhiteElo "2674"]
[BlackElo "2529"]
[Result "1-0"]
[Round "04"]
[TimeControl "180+1"]
[Date "2022.05.11"]
[WhiteClock "0:00:51"]
[BlackClock "0:00:01"]

1. e4 e5 2. Nf3 Nc6 3. Bb5 Nf6 4. O-O Nxe4 5. d4 Nd6 6. Bxc6 dxc6 7. dxe5 Nf5 8. Qxd8+ Kxd8 9. h3 h6 10. Nc3 Bd7 11. b3 Kc8 12. Bb2 b6 13. Ne2 Ne7 14. Rad1 c5 15. c4 Bc6 16. Nf4 Kb7 17. Rd2 Bxf3 18. gxf3 Nc6 19. Rd7 Re8 20. Nd5 Nxe5 21. Rxc7+ Kb8 22. Bxe5 Rxe5 23. Rxf7 Rg5+ 24. Kh2 Bd6+ 25. f4 Rg6 26. Rg1 Rxg1 27. Kxg1 g5 28. f5 h5 29. f6 g4 30. hxg4 hxg4 31. Rd7 Bh2+ 32. Kg2 Be5 33. f7 Bg7 34. Re7 Rf8 35. Kg3 1-0


[Site "https://www.chess.com"]

[Event "Titled Tuesday Blitz May 10 Late 2022"]
[White "Leiva, Gianmarco"]
[Black "Lewicki, Miroslaw"]
[WhiteFideId "3804399"]
[BlackFideId "1113380"]
[WhiteElo "2699"]
[BlackElo "2545"]
[Result "1-0"]
[Round "04"]
[TimeControl "180+1"]
[Date "2022.05.11"]
[WhiteClock "0:00:18"]
[BlackClock "0:00:03"]

1. e4 c5 2. Nf3 d6 3. Bb5+ Bd7 4. c4 Bxb5 5. cxb5 Nf6 6. Nc3 g6 7. O-O Bg7 8. d3 O-O 9. a4 e5 10. Bg5 Nbd7 11. Nd2 h6 12. Bxf6 Nxf6 13. Nc4 d5 14. Nxe5 Re8 15. Ng4 Nxg4 16. Qxg4 Bxc3 17. bxc3 dxe4 18. dxe4 Qd3 19. Qg3 Qxe4 20. h4 h5 21. Rfe1 Qxe1+ 22. Rxe1 Rxe1+ 23. Kh2 b6 24. Qc7 Re4 25. Qb7 Rxh4+ 26. Kg3 Rg4+ 27. Kf3 Rd8 28. Qxa7 Rd3+ 29. Ke2 Rxc3 30. Qb8+ Kh7 31. Qxb6 Rxa4 32. Qf6 Ra2+ 33. Kd1 Rd3+ 34. Kc1 Rd7 35. Qc6 Re7 36. Kd1 Rxf2 37. Qxc5 Rd7+ 38. Ke1 Rf5 39. Qc6 Re7+ 40. Kd2 Re6 41. Qb7 Kg7 42. Kd3 Rff6 43. Qc7 g5 44. Qc5 Kg6 45. Qc2 h4 46. Kc4+ Kh6 47. Qb2 g4 48. Qd4 Kg5 49. Qd2+ Kh5 50. Qd5+ Kg6 51. Qd4 Kg5 52. Qd2+ Rf4+ 53. Kc5 Re5+ 54. Kc6 h3 55. g3 1-0


[Site "https://www.chess.com"]

[Event "Titled Tuesday Blitz May 10 Late 2022"]
[White "Leschinsky, Gary"]
[Black "Piliczewski, Bogusz"]
[WhiteFideId "30951321"]
[BlackFideId "1104144"]
[WhiteElo "1782"]
[BlackElo "1896"]
[Result "1-0"]
[Round "04"]
[TimeControl "180+1"]
[Date "2022.05.11"]
[WhiteClock "0:00:42"]
[BlackClock "0:00:07"]

1. d4 d5 2. c4 c6 3. Nc3 Nf6 4. e3 e6 5. Nf3 Nbd7 6. Qc2 Bd6 7. Bd3 dxc4 8. Bxc4 a6 9. O-O O-O 10. Rd1 Qc7 11. a3 h6 12. b4 e5 13. Bb2 exd4 14. Rxd4 Ne5 15. Rad1 Nxf3+ 16. gxf3 Bxh2+ 17. Kg2 Be5 18. Rh4 Qe7 19. Rdh1 Be6 20. Bxe6 fxe6 21. f4 Bc7 22. Qg6 Qf7 23. Rxh6 Qxg6+ 24. Rxg6 Kf7 25. Rg5 Rh8 26. Rxh8 Rxh8 27. Ne4 Bd8 28. Nd6+ Kf8 29. Nxb7 Be7 30. Nc5 1-0


[Site "https://www.chess.com"]

[Event "Titled Tuesday Blitz May 10 Late 2022"]
[White "Lewtak, Damian"]
[Black "Paravyan, David"]
[WhiteFideId "1141724"]
[BlackFideId "4194985"]
[WhiteElo "2362"]
[BlackElo "2569"]
[Result "0-1"]
[Round "04"]
[TimeControl "180+1"]
[Date "2022.05.10"]
[WhiteClock "0:00:06"]
[BlackClock "0:00:15"]

1. d4 Nf6 2. c3 g6 3. Bf4 Bg7 4. e3 O-O 5. h3 d6 6. Nd2 Nc6 7. Bh2 e5 8. Bb5 Bd7 9. a4 a6 10. Bd3 exd4 11. cxd4 Re8 12. Ne2 Nb4 13. Bb1 b5 14. O-O bxa4 15. Nc3 Bb5 16. Re1 c5 17. Nf3 Qe7 18. Nxa4 Rad8 19. Nc3 Nfd5 20. Bg3 Qb7 21. Qd2 Nb6 22. b3 Nc6 23. Nxb5 axb5 24. Bd3 cxd4 25. exd4 Nxd4 26. Rxe8+ Rxe8 27. Nxd4 Bxd4 28. Bxb5 Bxa1 29. Bxe8 Be5 30. Bb5 Bxg3 31. fxg3 Qc7 32. Kh2 Qc5 33. Be2 Nd5 34. Bc4 Ne3 35. Be2 Qe5 36. b4 Nf5 37. Qd3 h5 38. Kg1 Nxg3 39. Kf2 Nxe2 40. Qxe2 Qd4+ 0-1


[Site "https://www.chess.com"]

[Event "Titled Tuesday Blitz May 10 Late 2022"]
[White "Lin, Dachey"]
[Black "Nazaretyan, Tigran"]
[WhiteFideId "2029650"]
[BlackFideId "24162345"]
[WhiteElo "2313"]
[BlackElo "2225"]
[Result "0-1"]
[Round "04"]
[TimeControl "180+1"]
[Date "2022.05.10"]
[WhiteClock "0:00:14"]
[BlackClock "0:01:25"]

1. g4 d5 2. Bg2 c6 3. g5 e5 4. d4 e4 5. f3 f5 6. c4 Bd6 7. Nh3 Ne7 8. Nc3 Be6 9. Qb3 Qc7 10. cxd5 Bxd5 11. Nxd5 cxd5 12. Bd2 Bxh2 13. f4 Bg3+ 14. Qxg3 Nbc6 15. e3 Qb6 16. Bc3 Nb4 17. Nf2 Nc2+ 18. Kd2 Nxa1 19. Rxa1 O-O-O 20. a4 Kb8 21. a5 Qd6 22. Bf1 h6 23. gxh6 Rxh6 24. Nh3 Rdh8 25. Ng5 Rh2+ 26. Be2 Qa6 27. Re1 Qd3+ 28. Kc1 Rxe2 29. Rxe2 Qxe2 30. Kb1 Rh1+ 31. Ka2 Qc4+ 32. b3 Qxc3 0-1


[Site "https://www.chess.com"]

[Event "Titled Tuesday Blitz May 10 Late 2022"]
[White "Lopez Del Alamo, Antonio"]
[Black "Sailer, Mike"]
[WhiteFideId "2227339"]
[BlackFideId "2012901"]
[WhiteElo "2089"]
[BlackElo "2109"]
[Result "0-1"]
[Round "04"]
[TimeControl "180+1"]
[Date "2022.05.11"]
[WhiteClock "0:00:12"]
[BlackClock "0:00:06"]

1. e4 d5 2. exd5 Qxd5 3. Nc3 Qd6 4. d4 Nf6 5. Nge2 c6 6. Bf4 Qd8 7. Qd3 g6 8. Ng3 Bg7 9. O-O-O Be6 10. Be5 Nbd7 11. f4 Qa5 12. a3 O-O-O 13. Be2 Nxe5 14. fxe5 Nd5 15. Nxd5 Bxd5 16. Bf3 Bxf3 17. Qxf3 Rhf8 18. Ne4 Kb8 19. Rd3 Ka8 20. Rhd1 f6 21. exf6 exf6 22. Nc5 Rfe8 23. Rb3 Re7 24. Nxb7 Rxb7 25. Qxc6 Rb8 26. Rdd3 Qe1+ 27. Rd1 Bh6+ 28. Kb1 Qxd1+ 29. Ka2 Qxd4 30. a4 Qd7 31. Qf3 Bf8 32. a5 a6 33. Rb6 Ka7 34. Kb1 Rxb6 35. axb6+ Rxb6 36. Qe3 Qb7 37. b3 Bb4 38. g4 a5 39. Ka2 Ka8 40. h4 a4 41. bxa4 Bc3 42. Qe8+ Qb8 43. Qe4+ Ka7 44. Qe7+ Qb7 45. Qc5 Qc6 46. Qe7+ Ka6 47. Qe2+ Ka5 0-1


[Site "https://www.chess.com"]

[Event "Titled Tuesday Blitz May 10 Late 2022"]
[White "Lorenzo De La Riva, Lazaro"]
[Black "Hnydiuk, Aleksander"]
[WhiteFideId "2268809"]
[BlackFideId "1109057"]
[WhiteElo "2411"]
[BlackElo "2593"]
[Result "0-1"]
[Round "04"]
[TimeControl "180+1"]
[Date "2022.05.11"]
[WhiteClock "0:01:33"]
[BlackClock "0:00:51"]

1. d4 Nf6 2. c4 g6 3. Nc3 Bg7 4. e4 O-O 5. Be2 c6 6. e5 Ne8 7. h4 d6 8. exd6 Nxd6 9. h5 Nf5 10. hxg6 hxg6 11. d5 cxd5 12. cxd5 b5 13. g4 Nd4 14. Nf3 Nxe2 15. Qxe2 b4 16. Ne4 Qxd5 17. Nfg5 Nc6 18. Qf3 Rd8 19. Be3 Ne5 20. Qh3 Bxg4 21. Qh7+ Kf8 22. Kf1 Nf3 23. Kg2 Nxg5 24. Bxg5 Qxe4+ 25. Kg3 Qf3+ 26. Kh4 f6 27. Bh6 g5+ 28. Bxg5 fxg5+ 29. Kxg5 Bf6+ 30. Kg6 Qf5+ 31. Kh6 Qg5# 0-1


[Site "https://www.chess.com"]

[Event "Titled Tuesday Blitz May 10 Late 2022"]
[White "Maksimovic, Bojan"]
[Black "Daggupati, Balaji"]
[WhiteFideId "14408120"]
[BlackFideId "2090759"]
[WhiteElo "2725"]
[BlackElo "2640"]
[Result "1-0"]
[Round "04"]
[TimeControl "180+1"]
[Date "2022.05.11"]
[WhiteClock "0:01:33"]
[BlackClock "0:00:03"]

1. g3 d5 2. Bg2 Nf6 3. Nf3 c5 4. O-O Nc6 5. d3 e5 6. e4 Be6 7. Ng5 Bg4 8. f3 Bd7 9. Nc3 d4 10. Ne2 h6 11. Nh3 g5 12. Nf2 Bd6 13. Bh3 Bxh3 14. Nxh3 Qd7 15. Nf2 Qe6 16. c4 dxc3 17. bxc3 O-O-O 18. Qb3 Qd7 19. Be3 g4 20. fxg4 Nxg4 21. Nxg4 Qxg4 22. Rxf7 Na5 23. Qc2 h5 24. Kg2 h4 25. h3 Qh5 26. Raf1 hxg3 27. Ng1 Rhf8 28. Rxf8 Bxf8 29. Rf5 Qg6 30. Nf3 Nc6 31. Bg5 Re8 32. Qb3 Bh6 33. Rf6 Qg7 34. Rxh6 Rf8 35. Qe6+ Kb8 36. Qd6+ Ka8 37. Rg6 Qh8 38. Bf6 Qh7 39. Qxf8+ 1-0


[Site "https://www.chess.com"]

[Event "Titled Tuesday Blitz May 10 Late 2022"]
[White "Malka, Samuel"]
[Black "Petrovskyi, Vadym"]
[WhiteFideId "20643675"]
[BlackFideId "14165210"]
[WhiteElo "2560"]
[BlackElo "2400"]
[Result "0-1"]
[Round "04"]
[TimeControl "180+1"]
[Date "2022.05.10"]
[WhiteClock "0:00:07"]
[BlackClock "0:01:08"]

1. d4 Nf6 2. c4 g6 3. Nc3 Bg7 4. e4 d6 5. Bd3 O-O 6. Nge2 e5 7. d5 c6 8. O-O a6 9. a4 Nbd7 10. a5 Ne8 11. Be3 f5 12. exf5 gxf5 13. f3 f4 14. Bf2 Kh8 15. b4 Ndf6 16. Be4 Nxe4 17. Nxe4 cxd5 18. Qxd5 Nf6 19. Nxf6 Qxf6 20. Rad1 Qg6 21. Kh1 Be6 22. Qxd6 Bxc4 23. Qxg6 hxg6 24. Rfe1 Rac8 25. Bc5 Rfd8 26. Nc3 Bb3 27. Rxd8+ Rxd8 28. Ne4 Rd3 29. h4 Bd5 30. Kh2 Bc6 31. Nd6 Kg8 32. Nc4 e4 33. fxe4 Bf6 34. e5 Bxh4 35. Rf1 Rg3 36. Rxf4 Rxg2+ 37. Kh3 g5 38. Rf8+ Kg7 39. Nd6 Kxf8 40. Nf5+ Ke8 41. Nxh4 gxh4 42. Kxh4 Kd8 0-1


[Site "https://www.chess.com"]

[Event "Titled Tuesday Blitz May 10 Late 2022"]
[White "Mangialardo, Tiago Carvalho"]
[Black "Kujawski, Adam"]
[WhiteFideId "2130718"]
[BlackFideId "1100920"]
[WhiteElo "2121"]
[BlackElo "1982"]
[Result "0-1"]
[Round "04"]
[TimeControl "180+1"]
[Date "2022.05.11"]
[WhiteClock "0:00:01"]
[BlackClock "0:00:04"]

1. e4 e5 2. Nf3 Nc6 3. d4 exd4 4. Nxd4 Bb4+ 5. Bd2 Qe7 6. Nxc6 Qxe4+ 7. Qe2 Bxd2+ 8. Nxd2 Qxe2+ 9. Bxe2 dxc6 10. O-O-O Nf6 11. Nb3 O-O 12. Rhe1 Re8 13. a4 Bf5 14. Nd4 Bg6 15. h4 h6 16. Nb3 Rad8 17. Bc4 Rxe1 18. Rxe1 Kf8 19. Nc5 b6 20. Na6 Rd7 21. Nb4 c5 22. Nc6 Be4 23. Nxa7 Bxg2 24. Nb5 Bc6 25. Nc3 Re7 26. Kd1 Rxe1+ 27. Kxe1 Ne4 28. Nxe4 Bxe4 29. Kd2 Bc6 30. b3 Ke7 31. Bd3 g5 32. Ke3 gxh4 33. Kf4 Bd7 34. Bf1 Kf6 35. Bg2 Bf5 36. c3 Be6 37. b4 cxb4 38. cxb4 Bc8 39. a5 bxa5 40. bxa5 Ba6 41. Bc6 Kg6 42. Bd7 Kf6 43. Bh3 c5 44. Ke4 c4 45. Kd4 Kg5 46. Kc5 Kf4 47. Bf1 c3 48. Bxa6 c2 0-1


[Site "https://www.chess.com"]

[Event "Titled Tuesday Blitz May 10 Late 2022"]
[White "Marin Masis, Jose Esteban"]
[Black "Papp, Petra"]
[WhiteFideId "6508146"]
[BlackFideId "739049"]
[WhiteElo "1710"]
[BlackElo "2259"]
[Result "0-1"]
[Round "04"]
[TimeControl "180+1"]
[Date "2022.05.11"]
[WhiteClock "0:00:46"]
[BlackClock "0:00:26"]

1. e4 c5 2. Nf3 d6 3. d4 cxd4 4. Nxd4 Nf6 5. Nc3 g6 6. Bc4 Bg7 7. f3 O-O 8. Be3 Nc6 9. Qd2 Bd7 10. O-O-O Rb8 11. h4 Na5 12. Bb3 b5 13. g4 Nc4 14. Bxc4 bxc4 15. Kb1 Qb6 16. Qc1 Qa5 17. Ka1 Rb6 18. h5 Rfb8 19. Nb3 cxb3 20. Bxb6 Rxb6 21. cxb3 Rxb3 22. h6 Bh8 23. Qc2 Be6 24. Nd5 Nxd5 25. Rxd5 Rb5 26. Rxb5 Qxa2# 0-1


[Site "https://www.chess.com"]

[Event "Titled Tuesday Blitz May 10 Late 2022"]
[White "Martic, Ivan"]
[Black "Donchenko, Alexander"]
[WhiteFideId "929301"]
[BlackFideId "24603295"]
[WhiteElo "2317"]
[BlackElo "2572"]
[Result "0-1"]
[Round "04"]
[TimeControl "180+1"]
[Date "2022.05.10"]
[WhiteClock "0:00:01"]
[BlackClock "0:00:16"]

1. e4 c5 2. Nf3 d6 3. d4 cxd4 4. Nxd4 Nf6 5. Nc3 a6 6. Bg5 Nbd7 7. Bc4 Qb6 8. Bb3 e6 9. Qd2 Be7 10. O-O-O Nc5 11. Rhe1 Qc7 12. f4 h6 13. Bxf6 Bxf6 14. Kb1 O-O 15. f5 b5 16. fxe6 fxe6 17. Nd5 Nxb3 18. Nxb3 exd5 19. Qxd5+ Qf7 20. Qxa8 Bg4 21. Qxa6 Bxd1 22. Rxd1 Be5 23. Qxb5 Qh5 24. Qd5+ Kh8 25. h3 Qe2 26. a4 Rc8 27. Qd2 Qxe4 28. a5 Rb8 29. Qd5 Qe2 30. Rd2 Qf1+ 31. Ka2 Rb4 32. Qa8+ Kh7 33. Qc6 Qf4 34. c3 Rxb3 35. Kxb3 Qxd2 36. a6 Qd1+ 37. Kb4 Qa1 38. b3 d5 39. Kb5 Bxc3 40. Kb6 Qa5+ 41. Kb7 Bd4 42. Qc7 Qb4+ 43. Kc8 Qxb3 44. Qd7 Qc4+ 0-1


[Site "https://www.chess.com"]

[Event "Titled Tuesday Blitz May 10 Late 2022"]
[White "Martinez Alcantara, Jose Eduardo"]
[Black "Moussard, Jules"]
[WhiteFideId "3805662"]
[BlackFideId "642908"]
[WhiteElo "2690"]
[BlackElo "2589"]
[Result "0-1"]
[Round "04"]
[TimeControl "180+1"]
[Date "2022.05.10"]
[WhiteClock "0:00:17"]
[BlackClock "0:00:44"]

1. e4 c6 2. d4 d5 3. e5 Bf5 4. h4 h5 5. Bd3 Bxd3 6. Qxd3 Qa5+ 7. b4 Qxb4+ 8. Nd2 e6 9. Rb1 Qe7 10. c4 Nh6 11. Ne2 Nf5 12. Nf3 Qc7 13. O-O dxc4 14. Qxc4 Nd7 15. Ng3 Nb6 16. Qd3 Nxg3 17. fxg3 O-O-O 18. Ng5 Rd7 19. Qf3 Be7 20. Nxf7 Rf8 21. Qxh5 Rxd4 22. Bg5 Bc5 23. Kh2 Rd7 24. Nh8 Rg8 25. Ng6 Nd5 26. Qg4 Re8 27. Rb3 b5 28. Rbf3 Kb7 29. h5 a5 30. Rc1 Bb6 31. Qe4 Rf7 32. Rcf1 Rxf3 33. Rxf3 b4 34. Qc4 Ba7 35. a3 Qb6 36. axb4 axb4 37. Kh3 Ka8 38. Nf8 Qb7 39. Ng6 Rb8 40. Rb3 Qb5 41. Qxb5 Rxb5 42. Bf6 gxf6 43. h6 Rb7 44. Nf8 fxe5 45. h7 Rxh7+ 46. Nxh7 c5 47. Ng5 c4 48. Rb1 b3 49. Ne4 Bd4 50. g4 c3 51. Nxc3 Bxc3 52. Rxb3 e4 53. g5 e3 54. g6 e2 55. Rb1 e1=Q 56. Rxe1 Bxe1 57. g7 Ne7 58. Kg4 Bc3 59. g8=Q+ Nxg8 60. Kf4 Bf6 61. Ke4 Kb7 62. g4 Kc6 63. g5 Bg7 64. g6 Ne7 65. Kf4 Nxg6+ 66. Ke4 Ne7 67. Ke3 Kd5 68. Kf2 Nf5 69. Kg1 e5 70. Kf1 e4 71. Kg1 e3 72. Kf1 Ke4 73. Kg1 Kf3 74. Kf1 e2+ 75. Kg1 Bd4+ 76. Kh2 e1=Q 77. Kh3 Qg3# 0-1


[Site "https://www.chess.com"]

[Event "Titled Tuesday Blitz May 10 Late 2022"]
[White "Martinez Reyes, Pedro Ramon"]
[Black "Papasimakopoulos, Alexandros"]
[WhiteFideId "3901807"]
[BlackFideId "4244125"]
[WhiteElo "2410"]
[BlackElo "2340"]
[Result "1-0"]
[Round "04"]
[TimeControl "180+1"]
[Date "2022.05.10"]
[WhiteClock "0:01:27"]
[BlackClock "0:01:19"]

1. Nf3 f5 2. d3 d6 3. e4 g6 4. h4 Nf6 5. Nc3 Bg7 6. h5 Nxh5 7. Rxh5 gxh5 8. Ng5 O-O 9. Qxh5 h6 10. Nh3 Qe8 11. Qh4 c6 12. Bxh6 Qg6 13. Bxg7 Qxg7 14. O-O-O e5 15. Be2 Nd7 16. exf5 Rxf5 17. Bg4 Rf8 18. Be6+ Rf7 19. Ng5 Nf6 20. Bxf7+ Kf8 21. Rh1 Ke7 22. Nce4 Bf5 23. Bb3 d5 24. Nxf6 Qxf6 25. Nf3 Qxh4 26. Rxh4 Rg8 27. g3 Kf6 28. Kd2 Bg6 29. c3 Rf8 30. d4 exd4 31. Nxd4 Ke7 32. f4 Be4 33. Bc2 Bxc2 34. Kxc2 Rg8 35. g4 c5 36. Nf5+ Ke6 37. Kd3 b5 38. Rh6+ Kd7 39. g5 Rf8 40. Rf6 Rxf6 41. gxf6 Ke6 42. Ne3 Kxf6 43. Nxd5+ Ke6 44. Nc7+ 1-0


[Site "https://www.chess.com"]

[Event "Titled Tuesday Blitz May 10 Late 2022"]
[White "Matinian, Nikita"]
[Black "Gurevich, Dmitry"]
[WhiteFideId "24129100"]
[BlackFideId "2000407"]
[WhiteElo "2422"]
[BlackElo "2506"]
[Result "0-1"]
[Round "04"]
[TimeControl "180+1"]
[Date "2022.05.10"]
[WhiteClock "0:00:04"]
[BlackClock "0:00:53"]

1. e4 c5 2. Nf3 d6 3. d4 cxd4 4. Nxd4 Nf6 5. Nc3 Nc6 6. Bc4 Bd7 7. Be3 Ng4 8. O-O Nxe3 9. fxe3 Ne5 10. Bb3 e6 11. Nb1 Be7 12. Nd2 O-O 13. Qh5 g6 14. Qh3 Bf6 15. Rf2 Bg7 16. Raf1 h5 17. Rf4 Rc8 18. Qg3 b5 19. h4 a5 20. c3 a4 21. Bc2 a3 22. bxa3 Rxc3 23. Bb3 Qb6 24. Qe1 Ng4 25. Rxg4 Rxe3 26. Qxe3 Bxd4 0-1


[Site "https://www.chess.com"]

[Event "Titled Tuesday Blitz May 10 Late 2022"]
[White "Melkumyan, Hrant"]
[Black "Vasquez Schroeder, Rodrigo"]
[WhiteFideId "13302485"]
[BlackFideId "3400042"]
[WhiteElo "2604"]
[BlackElo "2567"]
[Result "1-0"]
[Round "04"]
[TimeControl "180+1"]
[Date "2022.05.10"]
[WhiteClock "0:00:31"]
[BlackClock "0:00:12"]

1. c4 c5 2. Nf3 Nf6 3. g3 b6 4. Bg2 Bb7 5. O-O e6 6. Nc3 a6 7. d4 cxd4 8. Qxd4 d6 9. Rd1 Nbd7 10. b3 Be7 11. Bb2 O-O 12. Ng5 Bxg2 13. Kxg2 Qc7 14. Nce4 Rad8 15. Rd2 h6 16. Nf3 Nc5 17. Nxf6+ Bxf6 18. Qf4 Bxb2 19. Rxb2 Qb7 20. Rd1 Qc6 21. Rbd2 Ne4 22. Rd3 e5 23. Qe3 Nf6 24. Kg1 Qc7 25. Nh4 Rfe8 26. Nf5 Re6 27. R3d2 Ng4 28. Qf3 Nf6 29. Ne3 g6 30. a4 Kg7 31. Nd5 Nxd5 32. Rxd5 a5 33. Qd3 f5 34. Qe3 Rf8 35. Rb5 Rb8 36. Rdd5 g5 37. Qc3 Rf6 38. b4 axb4 39. Qxb4 Rc8 40. Rxb6 Qxc4 41. Qb5 Rc7 42. Qxc4 Rxc4 43. a5 Ra4 44. a6 e4 45. Rdxd6 Rxd6 46. Rxd6 f4 47. Kg2 Ra3 48. Re6 f3+ 49. exf3 exf3+ 50. Kh3 h5 51. Rb6 Ra2 52. Rb7+ Kg6 53. a7 Rxf2 54. Rb6+ Kf5 55. Rb5+ Kg6 56. Rxg5+ Kxg5 57. a8=Q Re2 58. Qxf3 1-0


[Site "https://www.chess.com"]

[Event "Titled Tuesday Blitz May 10 Late 2022"]
[White "Miszler, Levente"]
[Black "Vusatiuk, Vladimir"]
[WhiteFideId "763276"]
[BlackFideId "14118610"]
[WhiteElo "1966"]
[BlackElo "2157"]
[Result "0-1"]
[Round "04"]
[TimeControl "180+1"]
[Date "2022.05.11"]
[WhiteClock "0:01:46"]
[BlackClock "0:00:56"]

1. Nf3 c5 2. c4 e6 3. g3 d5 4. Bg2 Nc6 5. cxd5 exd5 6. O-O Nf6 7. d4 c4 8. Nc3 Be7 9. Ne5 O-O 10. Nxc6 bxc6 11. e4 dxe4 12. Nxe4 Bf5 13. Re1 Nd5 14. Qc2 Nb6 15. Nf6+ Bxf6 16. Qxf5 Qxd4 17. Bxc6 Rac8 18. Bf3 Rfe8 19. Rd1 Qc5 20. Be3 Qxf5 0-1


[Site "https://www.chess.com"]